 Dungeon Sprint DCSS version 0.30-a0-802-gb92711bcdf (webtiles) character file.

Game seed: 16870982592337999724

76 Juicyj the Covered (level 4, -2/45 HPs)
             Began as a Minotaur Fighter on Feb 24, 2023.
             Drowned by a water elemental (7 damage)
             ... in the Dungeon (Sprint III: "The Ten Rune Challenge").
             The game lasted 00:00:27 (286 turns).

Juicyj the Covered (Minotaur Fighter)                Turns: 286, Time: 00:00:28

Health: -2/45      AC:  7    Str: 23    XL:     4   Next: 12%
Magic:  3/3        EV:  9    Int:  5    God:
Gold:   21         SH:  5    Dex:  9    Spells: 3/3 levels left

rFire   . . .      SeeInvis .    a - +0 rapier
rCold   . . .      Faith    .    c - +0 buckler
rNeg    . . .      Spirit   .    b - +0 scale mail
rPois   .          Reflect  .    (helmet restricted)
rElec   .          Harm     .    (no cloak)
rCorr   .          Rampage  .    (no gloves)
Will    .....      NoTele   +    (no boots) Stlth
                                 (no amulet)
HPRegen 0.27/turn                (no ring)
MPRegen 0.08/turn                (no ring)

@: engulfed (cannot breathe)
A: horns 2, retaliatory headbutt
a: no special abilities


You were in the Dungeon.
You visited 1 branch You collected 21 gold pieces.

Inventory:

Hand Weapons
 a - a +0 rapier (weapon)
Armour
 b - a +0 scale mail (worn)
 c - a +0 buckler (worn)
Scrolls
 j - a scroll of blinking
 k - a scroll of enchant armour {unknown}
 m - a scroll of poison {unknown}
 n - 3 scrolls of identify
 q - a scroll of torment {unknown}
Potions
 d - a potion of might
 e - a potion of curing
 f - a potion of heal wounds
 g - a potion of haste
 h - 2 potions of magic
 i - a potion of berserk rage
 l - 4 potions of mutation {unknown}
 o - 2 potions of resistance {unknown}
 p - a potion of brilliance {unknown}
 r - a potion of flight {unknown}


   Skills:
 + Level 6.4 Fighting
 + Level 3.3 Short Blades
 + Level 6.7 Armour
 + Level 6.2 Shields


You had 3 spell levels left.
You didn't know any spells.
Your spell library contained the following spells:

 Spells                   Type           Power      Damage    Failure   Level
 Malign Gateway           Summ/Tloc      0%         N/A       100%        7
 Summon Horrible Things   Summ           0%         N/A       100%        8


Dungeon Overview and Level Annotations

Branches:
Dungeon (1/1)

Altars:


Innate Abilities, Weirdness & Mutations

You have a pair of horns on your head.
You reflexively headbutt those who attack you in melee.


Message History

You now have 21 gold pieces (gained 11).
l - a fuming orange potion;
m - a scroll labelled WOVEIPPAFU
n - a scroll of identify;
o - 2 emerald potions;
p - a brown potion
l - 3 fuming orange potions (gained 2);
q - a scroll labelled RIAGEOPOSKI
n - 3 scrolls of identify (gained 2);
l - 4 fuming orange potions (gained 1)
r - a silvery potion
There is an open door here.
You enter the shallow water.
Moving in this stuff is going to be slow.
Things that are here:
a +3 quarterstaff of chaos; a +1 cloak; the gnoll corpse of Crazy Yiuf You open the door.
A water elemental comes into view.
The water elemental moves out of view.
A water elemental is nearby!
You hit the water elemental but do no damage.
The water elemental hits you.
The water elemental engulfs you in water!
The water elemental hits you!
You hit the water elemental but do no damage.
Your lungs strain for air!
The water elemental hits you!
You hit the water elemental.
The water elemental is lightly damaged.
Your lungs strain for air!
You block the water elemental's attack.
You are too injured to fight recklessly!
You are too injured to fight recklessly!
You are too injured to fight recklessly!
You are too injured to fight recklessly!
You are too injured to fight recklessly!
You hit the water elemental.
The water elemental is moderately damaged.
* * * LOW HITPOINT WARNING * * *
Your lungs strain for air!
The water elemental hits you.
* * * LOW HITPOINT WARNING * * *
You hit the water elemental but do no damage.
The water elemental is moderately damaged.
You die...

▓▓▓▓▓▓▓▓▓▓ ▓▓▓
<.#..'...♣♣♣♣ ♣.#
..#..#....♣.♣ ♣♣.#
#'####....♣.♣ ♣..#
.†...#....~♣♣♣♣..# #+#+#
.....#...~)♣♣....#......
.....#..~~~~♣..♣@E.⌠....
####'#..~≈≈~~~♣♣.#...###
.....#.~~≈~~~....#.⌠.#
..)..#.~≈~~~.....# ..#
.....#.~~~.......# ###
'#####...........#
.................#
▓▓▓▓▓▓▓▓▓▓▓▓▓▓▓▓▓▓


You could see a water elemental.

Vanquished Creatures
  Crazy Yiuf (D)
  Jessica (D)
  A human (D)
  An endoplasm (D)
  2 rats (D)
6 creatures vanquished.

Notes
Turn   | Place    | Note
-------+----------+-------------------------------------------
     0 | D        | Juicyj the Minotaur Fighter began the quest for the Orb.
     0 | D        | Reached XP level 1. HP: 19/19 MP: 0/0
     9 | D        | Noticed Jessica
    14 | D        | Killed Jessica
    15 | D        | Reached skill level 5 in Fighting
    15 | D        | Reached skill level 5 in Armour
    15 | D        | Reached skill level 5 in Shields
    15 | D        | Reached XP level 2. HP: 28/29 MP: 1/1
    15 | D        | Reached XP level 3. HP: 35/36 MP: 2/2
   113 | D        | Noticed Crazy Yiuf
   122 | D        | Killed Crazy Yiuf
   123 | D        | Reached XP level 4. HP: 11/45 MP: 3/3
   280 | D        | Noticed a water elemental
   286 | D        | Drowned by a water elemental

Illustrated notes

Levels and vault maps discovered:
D:        dungeon_sprint_mu [sprint_mu_entry_forest, sprint_mu_temple_rooms,
          sprint_mu_d1_horrors, sprint_mu_d2_genie, sprint_mu_d3_branching,
          sprint_mu_orc_legion, sprint_mu_elf_gauntlet, sprint_mu_hive_nellie,
          sprint_mu_lair_fedhas, sprint_mu_vaults_butterflies,
          sprint_mu_slime_circle, sprint_mu_shoals_archi,
          sprint_mu_snake_twists, sprint_mu_blade_basic,
          sprint_mu_crypt_chambers, sprint_mu_tomb_spiral,
          sprint_mu_vestibule_basic, sprint_mu_gehenna_hellfire,
          sprint_mu_dis_giant, sprint_mu_tartarus_statrot,
          sprint_mu_cocytus_islands, sprint_mu_zot1]

Skill      XL: |  1  2  3 |
---------------+----------+-----
Fighting       | 5 6 |  6.4
Armour         | 5 6 |  6.7
Shields        | 5 6 |  6.2
Short Blades   | 3 |  3.3

Action                     |  1- 3 |  4- 6 || total
---------------------------+-------+-------++-------
  Melee: Rapier            |    24 |     5 ||    29
         Headbutt          |     6 |       ||     6
 Armour: Scale mail        |     5 |     1 ||     6
  Dodge: Dodged            |     8 |       ||     8
  Block: Buckler           |     2 |     1 ||     3

Table legend: (Time is in decaauts)
 A = Elapsed time spent in this place.
 B = Non-inter-level travel time spent in this place.
 C = Inter-level travel time spent in this place.
 D = Time resting spent in this place.
 E = Time spent auto-exploring this place.
 F = Levels seen in this place.
 G = Mean time per level.
                   A        B        C        D        E       F      G
               +--------+--------+--------+--------+--------+-----+--------+
         Total |    293 |    293 |      0 |      0 |    240 |   1 |  293.0 |
       Dungeon |    293 |    293 |      0 |      0 |    240 |   1 |  293.0 |
               +--------+--------+--------+--------+--------+-----+--------+

Top non-repeatable levels by time:
       D: 293 daAuts
